 Dungeon Crawl Stone Soup version 0.29.1-13-g9f3cf754e1 (webtiles) character file.

Game seed: 4506625877667250113

267 pilgrim the Gusty (level 6, -3/35 (36) HPs)
             Began as a Tengu Air Elementalist on Feb 11, 2023.
             Slain by Crazy Yiuf
             ... wielding a +4 quarterstaff of chaos
              (10 damage)
             ... on level 3 of the Dungeon.
             The game lasted 00:14:18 (4781 turns).

pilgrim the Gusty (Tengu Air Elementalist)          Turns: 4781, Time: 00:14:18

HP:   -3/35 (36)    AC:  2    Str:  8    XL:     6   Next: 21%
MP:   11/11         EV: 16    Int: 16    God:
Gold: 94            SH:  0    Dex: 16    Spells: 4/11 levels left

rFire   . . .      SeeInvis .   c - +4 dagger (drain)
rCold   . . .      Faith    .   (no shield)
rNeg    . . .      Spirit   .   a - +0 robe
rPois   .          Reflect  .   (helmet restricted)
rElec   .          Harm     .   (no cloak)
rCorr   .          Rampage  .   (no gloves)
Will    .....                   (boots unavailable)
Stlth   ++........              (no amulet)
HPRegen 0.11/turn               (no ring)
MPRegen 0.12/turn               (no ring)

@: lethally poisoned (-3 -> -7), flying quickly and evasively, hasted, lightly
drained, very quick
A: beak, talons 3, nimble flight
a: no special abilities


You were on level 3 of the Dungeon.
You visited 1 branch of the dungeon, and saw 4 of its levels.

You collected 159 gold pieces.
You spent 65 gold pieces at shops.

Inventory:

Hand Weapons
 c - a +4 dagger of draining (weapon)
Armour
 a - a +0 robe (worn)
Wands
 s - a wand of digging (4)
 u - a wand of flame (23)
Scrolls
 d - a scroll of fear
 h - a scroll of teleportation
 i - a scroll of silence {unknown}
 m - a scroll of torment
 n - a scroll of amnesia
 p - a scroll of noise {unknown}
 r - a scroll of magic mapping {unknown}
 t - a scroll of identify
Potions
 b - a potion of magic
 e - a potion of brilliance {unknown}
 f - a potion of haste {unknown}
 g - a potion of flight {unknown}
 j - 2 potions of curing
 k - 2 potions of heal wounds
 l - a potion of berserk rage {unknown}
 o - 2 potions of mutation {unknown}
 q - a potion of ambrosia {unknown}


   Skills:
 + Level 2.7 Fighting
 + Level 3.9 Dodging
 - Level 2.0 Stealth
 + Level 3.3 Spellcasting
 - Level 4.0 Conjurations
 - Level 4.0 Air Magic


You had 4 spell levels left.
You knew the following spells:

 Your Spells              Type           Power      Damage    Failure   Level
a - Shock                 Conj/Air       60%        1d6       3%          1
b - Static Discharge      Conj/Air       15%        3-5/arc   5%          2
c - Airstrike             Air            7%         2d(2-18)  34%         4

Your spell library contained the following spells:

 Spells                   Type           Power      Damage    Failure   Level
 Swiftness                Air            15%        N/A       11%         3
 Sandblast                Erth           4%         2d4       19%         1
 Stone Arrow              Conj/Erth      18%        3d8       24%         3
 Passwall                 Tmut/Erth      1%         N/A       28%         2
 Confusing Touch          Hex            2%         N/A       50%         3
 Gell's Gravitas          Tloc           2%         N/A       50%         3
 Lesser Beckoning         Tloc           2%         N/A       50%         3
 Ozocubu's Armour         Ice            2%         N/A       50%         3
 Teleport Other           Tloc           2%         N/A       50%         3
 Yara's Violent Unravell  Hex/Tmut       1%         3d3       99%         5
 Enfeeble                 Hex            1%         N/A       100%        7
 Ozocubu's Refrigeration  Ice            1%         4d7       100%        7


Dungeon Overview and Level Annotations

Branches:
Dungeon (4/15)
 Temple: D:4-7

Altars:
Makhleb
Zin

Shops:
D:1 !   D:3 (

Annotations:
D:3 Crazy Yiuf


Innate Abilities, Weirdness & Mutations

You have a beak for a mouth.
You have claws for feet.
Your magical nature lets you fly swiftly and evasively.


Message History

You reach down and open the door.
You barely miss Crazy Yiuf.
Crazy Yiuf flaps his cloak.
Crazy Yiuf misses you.
You hit Crazy Yiuf. You drain Crazy Yiuf.
Crazy Yiuf is lightly wounded.
Crazy Yiuf closely misses you.
You hit Crazy Yiuf.
Crazy Yiuf is moderately wounded.
Crazy Yiuf hits you with a +4 quarterstaff of chaos!
You are poisoned.
You hit Crazy Yiuf. You drain Crazy Yiuf. Your peck misses Crazy Yiuf.
Crazy Yiuf is severely wounded.
You feel very sick.
Crazy Yiuf hits you with a +4 quarterstaff of chaos.
Crazy Yiuf draws strength from your wounds!
You hit Crazy Yiuf.
Crazy Yiuf is heavily wounded.
You feel very sick.
Crazy Yiuf hits you with a +4 quarterstaff of chaos!
* * * LOW HITPOINT WARNING * * *
Crazy Yiuf burns you.
* * * LOW HITPOINT WARNING * * *
You feel much better.
You feel sick.
Crazy Yiuf hits you with a +4 quarterstaff of chaos.
You feel yourself speed up.
You hit Crazy Yiuf but do no damage. You peck Crazy Yiuf.
Crazy Yiuf is severely wounded.
You feel sick.
You hit Crazy Yiuf. You drain Crazy Yiuf. You claw Crazy Yiuf.
Crazy Yiuf is almost dead.
You feel sick.
Crazy Yiuf hits you with a +4 quarterstaff of chaos.
* * * LOW HITPOINT WARNING * * *
You feel drained.
You barely miss Crazy Yiuf.
Crazy Yiuf is almost dead.
You feel sick.
Crazy Yiuf hits you with a +4 quarterstaff of chaos!
You die...

...## #.#
#....## #.#
# #'## #.#
##..## #.#
#.# ###
#....# #.#
#.# #...##
#.########
#.## ##.##
#.........
...## #.##
#########)
....# ##.#
#..
...#########
#.## #..
#.#........#
##@# ####..
....########
#g# #.....
#.### ...
#..... #.#
#...# #.....
#.# #..)#
####.. #.#
##### #..
#.# #..
#.### ##.
....#
######### #.


You could see Crazy Yiuf (very drained).

Vanquished Creatures
  Ijyb (D:3)
  Jessica (D:3)
  Robin (D:3)
  3 gnolls (D:3)
  6 adders
  An ufetubus (D:3)
  2 worms
  5 orcs (D:4)
  4 ball pythons
  7 bats
  11 endoplasms
  3 giant cockroaches
  15 goblins
  10 hobgoblins
  2 jackals (D:1)
  2 quokkas
  8 frilled lizards
  7 kobolds
  22 rats
111 creatures vanquished.

Notes
Turn   | Place    | Note
-------+----------+-------------------------------------------
     0 | D:1      | pilgrim the Tengu Air Elementalist began the quest for the
                  | Orb.
     0 | D:1      | Reached XP level 1. HP: 10/10 MP: 4/4
   416 | D:1      | Reached XP level 2. HP: 16/16 MP: 6/6
   714 | D:1      | Reached skill level 1 in Fighting
   787 | D:1      | Reached XP level 3. HP: 20/20 MP: 7/7
  1063 | D:1      | Learned a level 2 spell: Static Discharge
  1130 | D:1      | Found a faded altar of an unknown god.
  1130 | D:1      | Found Ullicixe's Distillery.
  1748 | D:2      | Reached XP level 4. HP: 24/25 MP: 1/8
  2599 | D:1      | Bought a potion of heal wounds for 65 gold pieces
  2868 | D:3      | Found a burning altar of Makhleb.
  2868 | D:3      | Noticed a blizzard demon
  3006 | D:3      | Noticed Ijyb
  3313 | D:4      | Learned a level 4 spell: Airstrike
  3380 | D:3      | Noticed Jessica
  3390 | D:3      | Killed Jessica
  3391 | D:3      | Gained mutation: Your magical nature lets you fly swiftly
                  | and evasively. [Tengu growth]
  3391 | D:3      | Reached XP level 5. HP: 25/30 MP: 10/10
  3563 | D:3      | Found Fusiac's Antique Weapon Emporium.
  3654 | D:3      | Noticed Robin
  3663 | D:3      | Killed Robin
  3978 | D:3      | Reached XP level 6. HP: 17/36 MP: 6/11
  4212 | D:3      | Found a glowing silver altar of Zin.
  4246 | D:3      | Noticed an angel
  4350 | D:3      | Found a runed translucent door.
  4351 | D:3      | Noticed Crazy Yiuf
  4395 | D:3      | Killed Ijyb
  4781 | D:3      | Slain by Crazy Yiuf

Illustrated notes

Levels and vault maps discovered:
D:1:      wander_arrival_chamber, layout_rooms, serial_shops, shop,
          chequers_ecumenical_altar_island, minmay_lizard_pond
D:2:      layout_loops_corners, minmay_tiny_reverse_x
D:3:      layout_loops_corners, grunt_temple_overflow_order_and_chaos_2,
          serial_shops, shop_fountains, minmay_rat_hole, uniq_robin, uniq_ijyb,
          uniq_crazy_yiuf_cottage, uniq_jessica
D:4:      nicolae_cairo_tiling_very_big, layout_loops_ring,
          dreamdust_wishing_well

Skill      XL: |  1  2  3  4  5  6 |
---------------+-------------------+-----
Conjurations   | 2 3 4 |  4.0
Fighting       | 1 2 |  2.7
Dodging        | 3 |  3.9
Spellcasting   | 3 |  3.3
Stealth        | |  2.0
Air Magic      | |  4.0

Action                   |  1- 3 |  4- 6 || total
-------------------------+-------+-------++-------
Melee: Unarmed           |     8 |       ||     8
       Peck              |     6 |     8 ||    14
       Kick              |    12 |    22 ||    34
       Dagger            |    40 |    92 ||   132
       Punch             |     1 |     1 ||     2
 Cast: Shock             |    65 |    58 ||   123
  Use: Scroll            |       |     4 ||     4
       Potion            |       |     1 ||     1
 Stab: Sleeping          |     2 |     1 ||     3
Armor: Robe              |    12 |     9 ||    21
Dodge: Dodged            |    35 |    52 ||    87
